 Dungeon Crawl Stone Soup version 0.31-a0-765-g67fe2935dc (webtiles) character file.

Game seed: 4726041439185135285

16445 heikuro the Cleaver (level 12, -7/96 HPs)
             Began as a Formicid Fighter on Sept 15, 2023.
             Was a High Priest of Cheibriados.
             Killed from afar by a crystal guardian (41 damage)
             ... with a crystal bolt
             ... on level 3 of the Abyss.
             The game lasted 00:25:37 (11203 turns).

heikuro the Cleaver (Formicid Fighter)             Turns: 11203, Time: 00:25:38

Health: -7/96      AC: 17    Str: 39    XL:     12   Next: 70%
Magic:  4/18       EV: 13    Int: 21    God:    Cheibriados [*****.]
Gold:   420        SH: 32    Dex: 26    Spells: 9/11 levels left

rFire   . . .        N - +5 battleaxe
rCold   . . .        S - +18 shield of the Gong {Loud rN+ Will+ rCorr EV-5}
rNeg    + . .        y - +0 plate armour
rPois   .            (helmet unavailable)
rElec   .            Q - +0 cloak
rCorr   +            K - +0 pair of gloves
SInv    +            (no boots)
Will    ++...        (no amulet) Stlth
                     o - +5 ring of evasion
HPRegen 0.36/turn    q - +5 ring of evasion
MPRegen 0.16/turn

%: no passive effects
@: studying Translocations, very slow
A: permanent stasis, dig shafts and tunnels, antennae 3, four strong arms
a: Dig, Shaft Self, Renounce Religion, Bend Time, Temporal Distortion, Slouch,
Step From Time


You were on level 3 of the Abyss.
You worshipped Cheibriados.
Cheibriados was extremely pleased with you.
You visited 2 branches of the dungeon, and saw 12 of its levels.
You visited the Abyss 1 time.

You collected 569 gold pieces.
You spent 149 gold pieces at shops.

Inventory:

Hand Weapons
 a - a +1 heavy war axe
 e - a +2 whip of holy wrath
 g - a +0 short sword of venom
 v - a +2 trident of draining
 N - a +5 battleaxe (weapon)
Missiles
 b - 4 poisoned darts (quivered)
 x - 8 throwing nets
Armour
 y - a +0 plate armour (worn)
 K - a +0 pair of gloves (worn)
 L - a +0 kite shield
 Q - a +0 cloak (worn)
 S - the +18 shield of the Gong (worn) {Loud rN+ Will+ rCorr EV-5}
   (You found it on level 10 of the Dungeon)

   Loud:      It is deafeningly noisy when blocking attacks.
   EV-5:      It affects your evasion (-5).
   rN+:       It protects you from negative energy.
   Will+:     It increases your willpower.
   rCorr:     It protects you from acid and corrosion.
Jewellery
 i - a +6 ring of intelligence
 j - a ring of flight
 l - a ring of ice
 m - a ring of fire
 o - a +5 ring of evasion (left hand)
 q - a +5 ring of evasion (right hand)
 H - a ring of willpower
Wands
 c - a wand of paralysis (10)
 s - a wand of roots (3)
 B - a wand of quicksilver (11)
 E - a wand of digging (4)
 I - a wand of mindburst (31)
Scrolls
 f - a scroll of poison {unknown}
 h - 4 scrolls of teleportation {unknown}
 k - a scroll of brand weapon {unknown}
 n - 3 scrolls of noise {unknown}
 r - 2 scrolls of silence {unknown}
 w - 2 scrolls of butterflies {unknown}
 D - 3 scrolls of enchant weapon
 G - 2 scrolls of enchant armour {unknown}
 M - 2 scrolls of immolation {unknown}
 P - a scroll of identify
 R - a scroll of blinking {unknown}
Potions
 d - 4 potions of might
 p - 5 potions of curing
 t - 2 potions of magic
 u - a potion of heal wounds
 z - 2 potions of invisibility
 A - a potion of resistance
 C - a potion of attraction
 F - 2 potions of lignification
 J - a potion of enlightenment {unknown}
 O - a potion of brilliance {unknown}


   Skills:
 + Level 9.6 Fighting
 * Level 11.6 Axes
 + Level 9.5 Armour
 + Level 11.0 Shields
 + Level 5.3 Translocations
 + Level 9.1 Invocations


You had 9 spell levels left.
You knew the following spells:

 Your Spells              Type           Power      Damage    Failure   Level
a - Lesser Beckoning      Tloc           44%        N/A       21%         2

Your spell library contained the following spells:

 Spells                   Type           Power      Damage    Failure   Level
 Momentum Strike          Conj/Tloc      22%        3d8       52%         2
 Manifold Assault         Tloc           22%        N/A       80%         4
 Sublimation of Blood     Necr           0%         N/A       88%         2
 Wereblood                Tmut           0%         N/A       88%         2
 Leda's Liquefaction      Hex/Erth       0%         N/A       100%        4
 Lee's Rapid Deconstruct  Erth           0%         3d4*      100%        5
 Leda's Unmaking          Conj/Erth      0%         9d1       100%        6
 Summon Hydra             Summ           0%         N/A       100%        7
 Blink                    Tloc           Unusable   N/A       N/A         2

Dungeon Overview and Level Annotations

Branches:
Dungeon (11/15)            Temple (1/1) D:7             Orc (0/2) D:10
   Lair: D:8-11

Altars:
Ashenzari
Cheibriados
Dithmenos
Elyvilon
Fedhas
Gozag
Hepliaklqana
Kikubaaqudgha
Makhleb
Nemelex Xobeh
Okawaru
Qazlal
Ru
Sif Muna
Trog
Uskayaw
Vehumet
Wu Jian
Xom
Yredelemnul
Zin
The Shining One

Shops:
D:1 :   D:3 (   D:8 [

Annotations:
Temple 2 transporters


Innate Abilities, Weirdness & Mutations

You cannot be hasted, slowed, berserked, paralysed or teleported.
You can dig through walls and to a lower floor.
You have a pair of large antennae on your head. (SInv)
Your four strong arms can wield two-handed weapons with a shield.


Message History

You block the thrashing horror's attack.
GONNNNG!
You block the thrashing horror's attack.
BOUMMMMG!
You block the thrashing horror's attack.
BONNNG!
You block the thrashing horror's attack.
SHROANNG!
A neqoxec comes into view.
The broodmother summons a spider!
You hear a shout!
You see here a +0 animal skin.
Unknown command.
Activating: Slouch (2% risk of failure)
Press: ? - help, Dir - look around, f - activate You can feel time thicken for a moment.
You destroy the thrashing horror!
Cheibriados thoroughly appreciates the change of pace.
You kill the tarantella!
The tarantella's corpse disappears in a puff of smoke!
Cheibriados lowers the support of your attributes as your movement quickens.
The broodmother changes into a slime creature!
Unknown command.
Unknown command.
Unknown command.
A lich comes into view.
You see here a gold piece.
Unknown command.
Press: ? - help, v - describe, . - travel, g - get item
Here: a crystal guardian (moderately damaged) Item here: a lead wand.
The floor.
Unknown command.
You don't have enough magic at the moment.
You hit the crystal guardian.
The crystal guardian is moderately damaged.
A steelbarb worm comes into view.
The crystal guardian fires a crystalline bolt at you.
The crystal bolt burns you!!!
You die...

#. ..###..####
.#.# #.#.#.#
.....####.#.##.#
#...#.........#
.#.......# .##⌠.
.........####
#...####.##.#.#
.3L##[?[##9S...
, #[[[@J##G....
..#$φ)[)9?'...w.
..#(()φ??$'...φ.
..#(/[$(φ('.....
..##($[[?##.....
# ##(($## ....
..###### #.# ..
..... ##


You could see a lich, a steelbarb worm (wandering), 2 crystal guardians, a slime
creature shaped shifter, a guardian serpent and a neqoxec.

Vanquished Creatures
  Gastronok (D:8)
  A boulder beetle (D:11)
  4 thrashing horrors (Abyss:3)
  Pikel (D:6)
  A cyclops (D:11)
  2 vault sentinels (D:10)
  Jeremiah (D:6)
  8 unseen horrors (Abyss:3)
  Grinder (D:3)
  2 wraiths
  A shadow (D:9)
  Eustachio (D:5)
  14 yaks
  A steam dragon (D:9)
  5 vampire mosquitoes
  Edmund (D:6)
  2 water moccasins
  An ice beast (D:7)
  A black bear (D:6)
  4 orc warriors
  A sky beast (D:8)
  An ogre (D:6)
  A wolf (D:8)
  2 centaurs
  2 phantoms (D:6)
  3 bullfrogs (D:8)
  2 scorpions
  8 gnoll sergeants
  11 wights
  26 killer bees
  4 howler monkeys
  6 hounds
  9 orc priests
  3 gnoll boudas
  2 jellies
  7 iguanas
  11 orc wizards
  A mummy (D:3)
  30 gnolls
  8 adders
  2 shadow imps (D:7)
  A white imp (D:8)
  An ufetubus (D:6)
  4 worms
  3 dart slugs
  54 orcs
  5 bats
  10 endoplasms
  2 giant cockroaches
  9 goblins
  8 hobgoblins
  A jackal (D:8)
  8 kobolds
  9 quokkas
  7 ball pythons
  A frilled lizard (D:1)
  5 rats
  2 lurking horrors (Abyss:3)
323 creatures vanquished.

Notes
Turn   | Place    | Note
-------+----------+-------------------------------------------
     0 | D:1      | heikuro the Formicid Fighter began the quest for the Orb.
     0 | D:1      | Reached XP level 1. HP: 18/18 MP: 1/1
    37 | D:1      | Reached XP level 2. HP: 12/24 MP: 2/2
   287 | D:1      | Reached XP level 3. HP: 29/29 MP: 3/3
   415 | D:1      | Found Hibin's Book Emporium.
  1146 | D:2      | Found a faded altar of an unknown god.
  1628 | D:3      | Reached XP level 4. HP: 37/37 MP: 4/4
  1678 | D:3      | Found a snail-covered altar of Cheibriados.
  1701 | D:3      | Became a worshipper of Cheibriados the Contemplative
  1936 | D:3      | Found a stormy altar of Qazlal.
  2010 | D:3      | Found an iron altar of Okawaru.
  2021 | D:3      | Reached XP level 5. HP: 42/42 MP: 5/5
  2080 | D:3      | Noticed Grinder
  2089 | D:3      | Killed Grinder
  2090 | D:3      | Reached skill level 5 in Shields
  2090 | D:3      | Reached skill level 1 in Invocations
  2090 | D:3      | Reached XP level 6. HP: 35/49 MP: 5/7
  2433 | D:3      | Reached * piety under Cheibriados
  2450 | D:3      | Found Jiloplei's Antique Weapon Shoppe.
  2760 | D:3      | Reached XP level 7. HP: 40/55 MP: 8/8
  2899 | D:4      | Found an opulent altar of Gozag.
  2899 | D:4      | Found a glowing silver altar of Zin.
  2920 | D:4      | Found an ornate altar of the Wu Jian Council.
  3123 | D:4      | Reached ** piety under Cheibriados
  3511 | D:5      | Entered Level 5 of the Dungeon
  3599 | D:5      | Reached skill level 5 in Axes
  3610 | D:5      | Reached skill level 5 in Armour
  3618 | D:5      | Reached skill level 5 in Fighting
  3618 | D:5      | Reached XP level 8. HP: 44/62 MP: 10/10
  4037 | D:5      | Noticed Eustachio
  4057 | D:5      | Killed Eustachio
  4078 | D:5      | Reached *** piety under Cheibriados
  4664 | D:6      | Reached XP level 9. HP: 69/69 MP: 12/12
  4711 | D:6      | Noticed Pikel
  4723 | D:6      | Killed Pikel
  5044 | D:3      | Bought a glowing war axe for 149 gold pieces
  5361 | D:6      | Reached skill level 5 in Invocations
  5371 | D:6      | Noticed Jeremiah
  5386 | D:6      | You fall into a shaft and drop 3 floors!
  5758 | D:9      | Reached **** piety under Cheibriados
  5957 | D:8      | Reached XP level 10. HP: 72/77 MP: 14/14
  6509 | D:6      | Noticed Edmund
  6516 | D:6      | Killed Edmund
  6922 | D:7      | Reached ***** piety under Cheibriados
  6936 | D:7      | Found a staircase to the Ecumenical Temple.
  6953 | Temple   | Found a transporter.
  6953 | Temple   | Found a transporter.
  6953 | Temple   | Found a transporter.
  6953 | Temple   | Found a transporter.
  6953 | Temple   | Entered the Ecumenical Temple
  7696 | D:6      | Killed Jeremiah
  8246 | D:8      | Noticed Gastronok
  8265 | D:8      | Killed Gastronok
  8266 | D:8      | Reached XP level 11. HP: 26/86 MP: 14/16
  8496 | D:8      | Found a blossoming altar of Fedhas.
  8496 | D:8      | Found a radiant altar of Vehumet.
  8525 | D:8      | Found Wynal's Armour Emporium.
  9266 | D:9      | Learned a level 2 spell: Lesser Beckoning
  9404 | D:9      | Reached skill level 10 in Axes
  9406 | D:9      | Reached skill level 1 in Translocations
  9619 | D:9      | Found a hide-covered altar of Uskayaw.
  9823 | D:10     | Entered Level 10 of the Dungeon
  9909 | D:10     | Found a shimmering altar of Xom.
  9991 | D:10     | Reached ****** piety under Cheibriados
 10012 | D:10     | Found a sparkling altar of Nemelex Xobeh.
 10204 | D:10     | Reached skill level 10 in Shields
 10612 | D:10     | Found a staircase to the Orcish Mines.
 10872 | D:10     | Found the +18 shield of the Gong {Loud rN+ Will+ rCorr
                  | EV-5}
 11083 | D:11     | Noticed a cyclops
 11083 | D:11     | Noticed a boulder beetle
 11086 | D:11     | Reached XP level 12. HP: 94/94 MP: 12/18
 11094 | D:11     | Killed a boulder beetle
 11152 | Abyss:2  | Cast into level 2 of the Abyss (a wizard)
 11157 | Abyss:3  | Found a corrupted altar of Lugonu.
 11158 | Abyss:3  | Found a corrupted altar of Lugonu.
 11190 | Abyss:3  | Noticed a thrashing horror
 11190 | Abyss:3  | Noticed a thrashing horror
 11192 | Abyss:3  | Noticed a thrashing horror
 11193 | Abyss:3  | Noticed a thrashing horror
 11195 | Abyss:3  | Noticed a great orb of eyes
 11195 | Abyss:3  | Noticed a crystal guardian
 11196 | Abyss:3  | Killed a thrashing horror
 11196 | Abyss:3  | Killed a thrashing horror
 11197 | Abyss:3  | Reached skill level 5 in Translocations
 11197 | Abyss:3  | Killed a thrashing horror
 11197 | Abyss:3  | Noticed a crystal guardian
 11200 | Abyss:3  | Noticed a broodmother
 11201 | Abyss:3  | Killed a thrashing horror
 11201 | Abyss:3  | a broodmother changed into a slime creature
 11203 | Abyss:3  | Noticed a lich
 11203 | Abyss:3  | Killed from afar by a crystal guardian

Illustrated notes

Levels and vault maps discovered:
D:1:      amcnicky_arrival_underground_garden, layout_basic, serial_shops,
          nicolae_book_shop_shelving
D:2:      layout_basic, ebering_ecumenical_altar_ruins, minmay_liquid_box,
          grunt_decor_junction, grunt_decor_one_mirror
D:3:      minmay_chambers_of_threes, layout_basic, slow_altar_1,
          okawaru_altar_gauntlet_db, grunt_qazlal_clouds, serial_shops,
          nicolae_lakefront_shop, uniq_grinder
D:4:      layout_gridville, grunt_temple_overflow_gold_and_silver,
          mainiacjoe_overflow_surrounded_room
D:5:      layout_basic, minmay_manual_monstrance, uniq_eustachio
D:6:      layout_loops_corners, uniq_jeremiah, uniq_pikel, uniq_edmund
D:7:      layout_loops_ring, minmay_temple_entry_offerings
D:8:      layout_cave_pools, mainiacjoe_overflow_divided_tiny,
          serial_gnoll_camp, gnoll_camp_mini_hut, gnoll_camp_mini_hut,
          gnoll_camp_mini_shop, gnoll_camp_mini_basic, gnoll_camp_medium_01,
          minmay_misc_feat_iff, uniq_gastronok
D:9:      layout_basic, nicolae_uskayaw_murder_on_the_dancefloor, serial_curves,
          eino_curves_02, eino_curves_02, nicolae_figureground_pulse
D:10:     layout_loops_ring, old_standard_altar, nemelex_spade_bored_becter,
          david_orc_5, hangedman_decor_opposing, hellmonk_guarded_unrand_gong
D:11:     layout_gridville, lair_entry_dummy, gauntlet_entry_generic,
          minmay_librarian
Temple:   hellmonk_temple_divided_pantheon
Abyss:3:  base: D:8, base: D:8, minivault_23,
          hangedman_grunt_abyss_rune_horror_hoard

Skill      XL: |  1  2  3  4  5  6  7  8  9 10 11 12 |
---------------+-------------------------------------+-----
Axes           | 3 4 5 6 7 9 10 11 | 11.6
Fighting       | 4 5 6 7 8 9 |  9.6
Armour         | 4 5 6 7 8 9 |  9.5
Shields        | 5 6 8 9 10 11 | 11.0
Invocations    | 1 2 3 4 5 7 8 9 |  9.1
Translocations | 3 5 |  5.3

Action                     |  1- 3 |  4- 6 |  7- 9 | 10-12 || total
---------------------------+-------+-------+-------+-------++-------
  Melee: War axe           |   103 |   105 |   232 |    82 ||   522
         Battleaxe         |       |       |       |   284 ||   284
         Whip              |       |       |       |     2 ||     2
  Throw: Dart              |       |       |     3 |       ||     3
 Invoke: Slouch            |       |       |       |     6 ||     6
Ability: Shaft Self        |       |       |     1 |       ||     1
         Dig               |       |       |       |     1 ||     1
    Use: Scroll            |       |       |       |     9 ||     9
         Potion            |       |       |       |     1 ||     1
 Armour: Scale mail        |    62 |    35 |    13 |       ||   110
         Plate armour      |       |       |   104 |   151 ||   255
  Dodge: Dodged            |    57 |   103 |   189 |   228 ||   577
  Block: Buckler           |    33 |    42 |   101 |     5 ||   181
         Kite shield       |       |       |       |   303 ||   303

Table legend: (Time is in decaauts)
 A = Elapsed time spent in this place.
 B = Non-inter-level travel time spent in this place.
 C = Inter-level travel time spent in this place.
 D = Time resting spent in this place.
 E = Time spent auto-exploring this place.
 F = Levels seen in this place.
 G = Mean time per level.
                   A        B        C        D        E       F      G
               +--------+--------+--------+--------+--------+-----+--------+
         Total |  16386 |  15245 |   1141 |   1147 |  10465 |  14 | 1170.4 |
       Dungeon |  16290 |  15149 |   1141 |   1147 |  10465 |  11 | 1480.9 |
        Temple |      1 |      1 |      0 |      0 |      0 |   1 |    1.0 |
         Abyss |     93 |     93 |      0 |      0 |      0 |   2 |   46.5 |
               +--------+--------+--------+--------+--------+-----+--------+

Top non-repeatable levels by time:
     D:6: 3220 daAuts
    D:10: 2155 daAuts
     D:3: 1771 daAuts
     D:9: 1733 daAuts
     D:5: 1654 daAuts
     D:8: 1608 daAuts
     D:7: 1341 daAuts
     D:4: 1049 daAuts
     D:2: 1003 daAuts
     D:1: 645 daAuts
    D:11: 107 daAuts
 Abyss:3: 85 daAuts
 Abyss:2: 7 daAuts
  Temple: 1 daAuts
